 Dungeon Crawl Stone Soup version 0.19.3-1-g3169bf9 (webtiles) character file.

65 galech the Skirmisher (level 4, -11/49 HPs)
             Began as an Ogre Fighter on Jan 24, 2017.
             Killed by divine providence
             ... invoked by an orc priest
              (15 damage)
             ... on level 3 of the Dungeon.
             The game lasted 00:02:58 (1441 turns).

galech the Skirmisher (Ogre Fighter)                Turns: 1441, Time: 00:02:59

Health: -11/49     AC:  3    Str: 22    XL:     4   Next: 13%
Magic:  4/4        EV:  8    Int:  7    God:
Gold:   107        SH:  8    Dex:  9    Spells: 0 memorised, 3 levels left

rFire  + . .     SeeInvis .     a - +0 flail
rCold  x . .     Gourm    .     b - +0 robe
rNeg   . . .     Faith    .     c - +0 shield
rPois  .         Spirit   .     (helmet restricted)
rElec  .         Reflect  .     (no cloak)
rCorr  .         Harm     .     (gloves unavailable)
MR     .....                    (boots unavailable)
Stlth  +.........               (no amulet)
                                (no ring)
                                q - ring of fire

@: no status effects
A: unfitting armour, tough skin 1
a: no special abilities


You were on level 3 of the Dungeon.
You were not hungry.

You visited 1 branch of the dungeon, and saw 3 of its levels.

You collected 107 gold pieces.

Inventory:

Hand Weapons
 a - a +0 flail (weapon)
Armour
 b - a +0 robe (worn)
 c - a +0 shield (worn)
Jewellery
 q - a ring of fire (left hand)
Scrolls
 g - a scroll of random uselessness {unknown}
 i - 2 scrolls of teleportation {unknown}
 k - 2 scrolls of remove curse {unknown}
 m - a scroll of magic mapping {unknown}
 n - a scroll of blinking {unknown}
 o - a scroll of fear {unknown}
 t - a scroll of amnesia {unknown}
 w - a scroll of identify {unknown}
Potions
 d - a potion of might
 e - a potion of mutation {unknown}
 j - 2 potions of curing {unknown}
 l - a potion of lignification {unknown}
 r - a potion of flight {unknown}
 s - 2 potions of haste {unknown}
 u - a potion of magic {unknown}
Comestibles
 f - a bread ration
 h - 7 chunks of flesh
 p - 2 meat rations
 v - a beef jerky


   Skills:
 + Level 4.7 Fighting
 + Level 4.0 Maces & Flails
 + Level 2.9 Dodging
 + Level 0.1 Stealth
 + Level 3.1 Shields


You had 3 spell levels left.
You didn't know any spells.

Dungeon Overview and Level Annotations

Branches:
Dungeon (3/15)

Altars:
Uskayaw


Innate Abilities, Weirdness & Mutations

You are too large for most types of armour.
You have tough skin. (AC +1)


Message History

You are too injured to fight recklessly!
You are too injured to fight recklessly!
You are too injured to fight recklessly!
You are too injured to fight recklessly!
You are too injured to fight recklessly!
You are too injured to fight recklessly!
You are too injured to fight recklessly!
You are too injured to fight recklessly!
You are too injured to fight recklessly!
You are too injured to fight recklessly!
You are too injured to fight recklessly!
You are too injured to fight recklessly!
You are too injured to fight recklessly!
An orc comes into view. It is wielding a mace.
The orc shouts!
The orc priest hits you.
* * * LOW HITPOINT WARNING * * *
The orc priest calls down the wrath of Beogh upon you.
Beogh smites you!
You die...

..#.# #.#.# #.#.# ##
######.#.# ########..
#...##.#.# #.........
#......#b##.#.# #.........
#..o.###oo#.#.####........#
.).....oo...#.#...........#
....######@##.............+
## #................#
#....#####...#######..
#.... #.......# #....
#.......# #.... #.......#
#.... #.......# #....
#...<...# #.......#


You could see an orc priest, an orc wizard, 3 orcs and a bat.

Vanquished Creatures
  2 oozes (D:1)
  3 dart slugs
  2 leopard geckos (D:1)
  7 bats
  2 giant cockroaches (D:1)
  6 goblins
  6 hobgoblins
  2 jackals (D:2)
  2 quokkas (D:2)
  4 frilled lizards
  4 kobolds
  3 rats
43 creatures vanquished.

Notes
Turn   | Place    | Note
-------+----------+-------------------------------------------
     0 | D:1      | galech the Ogre Fighter began the quest for the Orb.
     0 | D:1      | Reached XP level 1. HP: 24/24 MP: 1/1
   125 | D:1      | Reached XP level 2. HP: 28/32 MP: 2/2
   459 | D:1      | Reached XP level 3. HP: 35/40 MP: 3/3
   919 | D:2      | Found a faded altar of an unknown god.
   986 | D:2      | Noticed a hand axe
   987 | D:2      | Noticed a hand axe
   991 | D:2      | Found a hide-covered altar of Uskayaw.
  1185 | D:2      | Reached XP level 4. HP: 36/49 MP: 4/4
  1441 | D:3      | Killed from afar by an orc priest

Skill      XL: |  1  2  3  4 |
---------------+-------------+-----
Shields        | 3 |  3.1
Maces & Flails | 3 4 |  4.0
Fighting       | |  4.7
Dodging        | |  2.9
Stealth        | |  0.1

Action                   |  1- 3 |  4- 6 || total
-------------------------+-------+-------++-------
Melee: Flail             |   103 |    23 ||   126
 Stab: Sleeping          |     1 |     1 ||     2
  Eat: Chunk             |     1 |     1 ||     2
Armor: Robe              |    37 |     8 ||    45
Dodge: Dodged            |    45 |     9 ||    54
Block: Shield            |    51 |    11 ||    62
